TOP OF THE 1ST |
Lakewood BlueClaws batting - Pitching for Wisconsin Timber Rattlers : RHP Junzo Yanagisawa
|
Pitching: RHP Junzo Yanagisawa
|
|
Batting: RHB Chris Myers
|
0-0: Bunt for hit to 13S - play at first, batter safe!
|
Batting: LHB Jose Carlos
|
0-0: Ball Chris Myers steals 2nd base 1-0: Ball 2-0: Ball 3-0: Base on Balls
|
Batting: RHB Danny Krug
|
0-0: Called Strike 0-1: Ball 1-1: Ball 2-1: Foul Ball, location: 2F 2-2: Ball 3-2: Foul Ball, location: 2F 3-2: Foul Ball, location: 2F 3-2: SINGLE (Flyball, 78S, EV 93.1 MPH) Chris Myers to third Jose Carlos to second Chris Myers scores Jose Carlos to third
|
Batting: RHB Matt McDevitt
|
0-0: Ball 1-0: Called Strike 1-1: Foul Ball, location: 2F 1-2: Ball 2-2: Ball 3-2: Fielders Choice at 2nd, 6-4 (Groundball, 56, EV 85.6 MPH) Jose Carlos scores
|
Batting: RHB Victor Arroyo
|
0-0: Ball 1-0: Foul Ball, location: 2F 1-1: Foul Ball, location: 2F 1-2: Foul Ball, location: 2F 1-2: Ball 2-2: Foul Ball, location: 2F 2-2: Ball 3-2: SINGLE (Groundball, 4MD, EV 95.0 MPH) Matt McDevitt to second
|
Batting: RHB Prabhukumar Santhanakrishnan
|
0-0: Fly out, F8 (Flyball, 89M, EV 78.8 MPH)
|
Batting: RHB Pablo Lopez
|
0-0: Ball 1-0: Swinging Strike 1-1: 3-RUN HOME RUN (Flyball, 7D, EV 98.1 MPH), Distance : 365 ft
|
Batting: RHB Pedro Mata
|
0-0: Ball 1-0: Foul Ball, location: 2F 1-1: Ball 2-1: TRIPLE (Groundball, 3L, EV 94.4 MPH)
|
Batting: SHB Mike Rueth
|
0-0: Fly out, F9 (Flyball, 9, EV 90.0 MPH)
|
Top of the 1st over - 5 runs, 5 hits, 0 errors, 1 left on base; Lakewood 5 - Wisconsin 0 |
BOTTOM OF THE 1ST |
Wisconsin Timber Rattlers batting - Pitching for Lakewood BlueClaws : RHP Jorge Sanchez
|
Pitching: RHP Jorge Sanchez
|
|
Batting: RHB Joe LaDue
|
0-0: Called Strike 0-1: Swinging Strike 0-2: Ball 1-2: Strikes out swinging
|
Batting: LHB Gabe Harvey
|
0-0: Ball 1-0: Called Strike 1-1: Ground out U3 (Groundball, 34, EV 86.9 MPH)
|
Batting: RHB Carlos Salazar
|
0-0: Foul Ball, location: 2F 0-1: Ball 1-1: Ball 2-1: Ball 3-1: Base on Balls
|
Batting: LHB Paul Collins
|
0-0: Ball 1-0: Ball Carlos Salazar steals 2nd base 2-0: Called Strike 2-1: Ground out 6-3 (Groundball, 6, EV 99.4 MPH)
|
Bottom of the 1st over - 0 runs, 0 hits, 0 errors, 1 left on base; Lakewood 5 - Wisconsin 0 |
TOP OF THE 2ND |
Lakewood BlueClaws batting - Pitching for Wisconsin Timber Rattlers : RHP Junzo Yanagisawa
|
Batting: RHB Chris Myers
|
0-0: Fly out, F7 (Flyball, 78S, EV 95.0 MPH)
|
Batting: LHB Jose Carlos
|
0-0: Ball 1-0: Ball 2-0: Foul Ball, location: 2F 2-1: Foul Ball, location: 2F 2-2: Ball 3-2: Foul Ball, location: 2F 3-2: Ground out 4-3 (Groundball, 4S, EV 76.9 MPH)
|
Batting: RHB Danny Krug
|
0-0: Called Strike 0-1: Ball 1-1: Fly out, F9 (Flyball, 9, EV 88.8 MPH)
|
Top of the 2nd over - 0 runs, 0 hits, 0 errors, 0 left on base; Lakewood 5 - Wisconsin 0 |
BOTTOM OF THE 2ND |
Wisconsin Timber Rattlers batting - Pitching for Lakewood BlueClaws : RHP Jorge Sanchez
|
Batting: RHB Nick Garland
|
0-0: Foul Ball, location: 2F 0-1: Called Strike 0-2: SINGLE (Flyball, 8RS, EV 96.9 MPH)
|
Batting: SHB Craig Wright
|
0-0: Ball 1-0: Foul Ball, location: 2F 1-1: Ball 2-1: Swinging Strike 2-2: SINGLE (Line Drive, 8RS, EV 113.1 MPH) Nick Garland to second
|
Batting: RHB Ben Alspach
|
0-0: Ball 1-0: Ball 2-0: Foul Ball, location: 2F 2-1: Swinging Strike 2-2: Strikes out looking
|
Batting: RHB Tyler Badillo
|
0-0: Foul Ball, location: 2F 0-1: Foul Ball, location: 2F 0-2: Ball 1-2: Fly out, F3 (Popup, 3F, EV 75.0 MPH)
|
Batting: RHB Jamie Youngs
|
0-0: Ball 1-0: Ball 2-0: Swinging Strike 2-1: SINGLE (Groundball, 56D, EV 98.1 MPH) Nick Garland to third Craig Wright to second
|
Batting: RHB Joe LaDue
|
0-0: Called Strike 0-1: Ball 1-1: Called Strike 1-2: Foul Ball, location: 2F 1-2: Ball 2-2: Foul Ball, location: 2F 2-2: Foul Ball, location: 2F 2-2: Foul Ball, location: 2F 2-2: Ball 3-2: Strikes out swinging
|
Bottom of the 2nd over - 0 runs, 3 hits, 0 errors, 3 left on base; Lakewood 5 - Wisconsin 0 |
TOP OF THE 3RD |
Lakewood BlueClaws batting - Pitching for Wisconsin Timber Rattlers : RHP Junzo Yanagisawa
|
Batting: RHB Matt McDevitt
|
0-0: Ball 1-0: Ball 2-0: Foul Ball, location: 2F 2-1: Foul Ball, location: 2F 2-2: Strikes out looking
|
Batting: RHB Victor Arroyo
|
0-0: Ball 1-0: Ball 2-0: Called Strike 2-1: Called Strike 2-2: Strikes out looking
|
Batting: RHB Prabhukumar Santhanakrishnan
|
0-0: Foul Ball, location: 2F 0-1: Fly out, F8 (Flyball, 8LS, EV 91.9 MPH)
|
Top of the 3rd over - 0 runs, 0 hits, 0 errors, 0 left on base; Lakewood 5 - Wisconsin 0 |
BOTTOM OF THE 3RD |
Wisconsin Timber Rattlers batting - Pitching for Lakewood BlueClaws : RHP Jorge Sanchez
|
Batting: LHB Gabe Harvey
|
0-0: Called Strike 0-1: Ball 1-1: Foul Ball, location: 2F 1-2: Ball 2-2: Ground out 3-1 (Groundball, 3L, EV 103.1 MPH)
|
Batting: RHB Carlos Salazar
|
0-0: Swinging Strike 0-1: Fly out, F9 (Flyball, 9D, EV 95.6 MPH)
|
Batting: LHB Paul Collins
|
0-0: Fly out, F9 (Flyball, 9LM, EV 92.5 MPH)
|
Bottom of the 3rd over - 0 runs, 0 hits, 0 errors, 0 left on base; Lakewood 5 - Wisconsin 0 |
TOP OF THE 4TH |
Lakewood BlueClaws batting - Pitching for Wisconsin Timber Rattlers : RHP Junzo Yanagisawa
|
Batting: RHB Pablo Lopez
|
0-0: Ball 1-0: SINGLE (Line Drive, 4MD, EV 98.1 MPH)
|
Pitching: LHP Willis Escobedo
|
|
Batting: RHB Pedro Mata
|
0-0: Ball 1-0: Ball 2-0: Called Strike 2-1: Single, Error in OF, E8, batter to second base (Line Drive, 8LM, EV 88.1 MPH) Pablo Lopez to third
|
Batting: SHB Mike Rueth
|
0-0: Ball 1-0: Ball 2-0: 3-RUN HOME RUN (Flyball, 7D, EV 96.2 MPH), Distance : 362 ft
|
Batting: RHB Chris Myers
|
0-0: Ball 1-0: SINGLE (Groundball, 56D, EV 102.5 MPH)
|
Batting: LHB Jose Carlos
|
0-0: SINGLE (Flyball, 3D, EV 94.4 MPH) Chris Myers to second
|
Batting: RHB Danny Krug
|
0-0: Ball 1-0: Called Strike 1-1: Foul Ball, location: 2F 1-2: Ball 2-2: SINGLE (Line Drive, 5D, EV 96.2 MPH) Chris Myers to third Jose Carlos to second Runner from 3rd tries for Home, SAFE, throw by LF to home
|
Batting: RHB Matt McDevitt
|
0-0: Ball 1-0: Grounds into double play, 6-4-3 (Groundball, 6, EV 98.1 MPH) Jose Carlos to third
|
Batting: RHB Victor Arroyo
|
0-0: Ground out 5-3 (Groundball, 5, EV 86.2 MPH)
|
Top of the 4th over - 4 runs, 6 hits, 1 error, 1 left on base; Lakewood 9 - Wisconsin 0 |
BOTTOM OF THE 4TH |
Wisconsin Timber Rattlers batting - Pitching for Lakewood BlueClaws : RHP Jorge Sanchez
|
Batting: RHB Nick Garland
|
0-0: Swinging Strike 0-1: Ball 1-1: Ground out 5-3 (Groundball, 5, EV 107.5 MPH)
|
Batting: SHB Craig Wright
|
0-0: Called Strike 0-1: Ball 1-1: Called Strike 1-2: Ball 2-2: Strikes out looking
|
Batting: RHB Ben Alspach
|
0-0: Ball 1-0: Swinging Strike 1-1: Ball 2-1: Ball 3-1: Base on Balls
|
Batting: RHB Tyler Badillo
|
0-0: Ball 1-0: Called Strike 1-1: Called Strike 1-2: Foul Ball, location: 2F 1-2: Ball Ben Alspach steals 2nd base (no throw) 2-2: SINGLE (Groundball, 6D, EV 97.5 MPH) Ben Alspach to third Runner from 3rd tries for Home, throw by CF and OUT! 8-2
|
Bottom of the 4th over - 0 runs, 1 hit, 0 errors, 1 left on base; Lakewood 9 - Wisconsin 0 |
TOP OF THE 5TH |
Lakewood BlueClaws batting - Pitching for Wisconsin Timber Rattlers : LHP Willis Escobedo
|
Batting: RHB Prabhukumar Santhanakrishnan
|
0-0: SINGLE (Groundball, 6MD, EV 102.5 MPH)
|
Batting: RHB Pablo Lopez
|
0-0: Called Strike 0-1: Foul Ball, location: 2F 0-2: Foul Ball, location: 2F 0-2: Ball 1-2: Strikes out swinging
|
Batting: RHB Pedro Mata
|
0-0: Called Strike 0-1: Called Strike 0-2: Ball 1-2: Ball 2-2: Ball 3-2: Strikes out swinging
|
Batting: SHB Mike Rueth
|
0-0: Ball 1-0: Fielders Choice at 2nd, 5-4 (Groundball, 5, EV 85.6 MPH)
|
Top of the 5th over - 0 runs, 1 hit, 0 errors, 1 left on base; Lakewood 9 - Wisconsin 0 |
BOTTOM OF THE 5TH |
Wisconsin Timber Rattlers batting - Pitching for Lakewood BlueClaws : RHP Jorge Sanchez
|
Batting: RHB Jamie Youngs
|
0-0: Called Strike 0-1: Called Strike 0-2: Ball 1-2: Ball 2-2: Foul Ball, location: 2F 2-2: Strikes out swinging
|
Pitching: RHP Danny Zuniga
|
|
Batting: RHB Joe LaDue
|
0-0: Ball 1-0: Called Strike 1-1: Called Strike 1-2: Foul Ball, location: 2F 1-2: Ball 2-2: Strikes out swinging
|
Batting: LHB Gabe Harvey
|
0-0: Ball 1-0: Foul Ball, location: 2F 1-1: Ball 2-1: Swinging Strike 2-2: Strikes out swinging
|
Bottom of the 5th over - 0 runs, 0 hits, 0 errors, 0 left on base; Lakewood 9 - Wisconsin 0 |
TOP OF THE 6TH |
Lakewood BlueClaws batting - Pitching for Wisconsin Timber Rattlers : LHP Willis Escobedo
|
Batting: RHB Chris Myers
|
0-0: Ball 1-0: Called Strike 1-1: Foul Ball, location: 2F 1-2: Strikes out swinging
|
Batting: LHB Jose Carlos
|
0-0: Ball 1-0: Ball 2-0: Ball 3-0: Called Strike 3-1: Base on Balls
|
Batting: RHB Danny Krug
|
0-0: Called Strike 0-1: Ball 1-1: Ball 2-1: Ball 3-1: Base on Balls Jose Carlos to second
|
Pitching: RHP Jason Ukena
|
|
Batting: RHB Matt McDevitt
|
0-0: Ball 1-0: Ball 2-0: Foul Ball, location: 2F 2-1: Foul Ball, location: 2F 2-2: Ball 3-2: Grounds into double play, 4-6-3 (Groundball, 4, EV 87.5 MPH)
|
Top of the 6th over - 0 runs, 0 hits, 0 errors, 1 left on base; Lakewood 9 - Wisconsin 0 |
BOTTOM OF THE 6TH |
Wisconsin Timber Rattlers batting - Pitching for Lakewood BlueClaws : RHP Danny Zuniga
|
Batting: RHB Carlos Salazar
|
0-0: Called Strike 0-1: Ball 1-1: Swinging Strike 1-2: Ball 2-2: Ball 3-2: Foul Ball, location: 2F 3-2: Base on Balls
|
Batting: LHB Paul Collins
|
0-0: Foul Ball, location: 2F 0-1: Ball 1-1: Grounds into double play, 4-6-3 (Groundball, 4, EV 107.5 MPH)
|
Batting: RHB Nick Garland
|
0-0: Ball 1-0: SOLO HOME RUN (Flyball, 7D, EV 102.5 MPH), Distance : 379 ft
|
Batting: SHB Craig Wright
|
0-0: Foul Ball, location: 2F 0-1: Ball 1-1: SINGLE (Line Drive, 4M, EV 98.8 MPH)
|
Batting: RHB Ben Alspach
|
0-0: Fielders Choice at 2nd, 6-4 (Groundball, 6, EV 79.4 MPH)
|
Bottom of the 6th over - 1 run, 2 hits, 0 errors, 1 left on base; Lakewood 9 - Wisconsin 1 |
TOP OF THE 7TH |
Lakewood BlueClaws batting - Pitching for Wisconsin Timber Rattlers : RHP Jason Ukena
|
Batting: RHB Victor Arroyo
|
0-0: Foul Ball, location: 2F 0-1: Foul Ball, location: 2F 0-2: Fly out, F9 (Flyball, 9, EV 77.5 MPH)
|
Batting: RHB Prabhukumar Santhanakrishnan
|
0-0: Foul Ball, location: 2F 0-1: Ball 1-1: Ball 2-1: Ground out 6-3 (Groundball, 6, EV 80.6 MPH)
|
Batting: RHB Pablo Lopez
|
0-0: Foul Ball, location: 2F 0-1: Ball 1-1: Ball 2-1: SINGLE (Line Drive, 89M, EV 106.2 MPH)
|
Batting: RHB Pedro Mata
|
0-0: Ball 1-0: Ball 2-0: SINGLE (Line Drive, 34D, EV 100.0 MPH) Pablo Lopez to second
|
Batting: SHB Mike Rueth
|
0-0: Called Strike 0-1: Ground out 4-3 (Groundball, 4, EV 88.1 MPH)
|
Top of the 7th over - 0 runs, 2 hits, 0 errors, 2 left on base; Lakewood 9 - Wisconsin 1 |
BOTTOM OF THE 7TH |
Wisconsin Timber Rattlers batting - Pitching for Lakewood BlueClaws : RHP Danny Zuniga
|
Batting: RHB Tyler Badillo
|
0-0: Foul Ball, location: 2F 0-1: Ball 1-1: Foul Ball, location: 2F 1-2: Foul Ball, location: 2F 1-2: Ball 2-2: Ball 3-2: Strikes out swinging
|
Pitching: RHP Dustin Hensley
|
|
Batting: RHB Jamie Youngs
|
0-0: Ball 1-0: SINGLE (Groundball, 56S, EV 67.5 MPH) (infield hit)
|
Batting: RHB Joe LaDue
|
0-0: Ball 1-0: Called Strike 1-1: Fielders Choice at 2nd, 3-6 (Groundball, 34S, EV 92.5 MPH)
|
Batting: LHB Gabe Harvey
|
0-0: Ball Joe LaDue steals 2nd base 1-0: Called Strike 1-1: Foul Ball, location: 2F 1-2: Fly out, F8 (Flyball, 8RD, EV 103.1 MPH)
|
Bottom of the 7th over - 0 runs, 1 hit, 0 errors, 1 left on base; Lakewood 9 - Wisconsin 1 |
TOP OF THE 8TH |
Lakewood BlueClaws batting - Pitching for Wisconsin Timber Rattlers : RHP Jason Ukena
|
Pinch Hitting: SHB Matt Sybrant
|
0-0: Called Strike 0-1: Fly out, F6 (Line Drive, 6, EV 63.8 MPH)
|
Batting: LHB Jose Carlos
|
0-0: Called Strike 0-1: Foul Ball, location: 2F 0-2: Ball 1-2: Foul Ball, location: 2F 1-2: Foul Ball, location: 2F 1-2: Strikes out swinging
|
Batting: RHB Danny Krug
|
0-0: Ball 1-0: Ball 2-0: Called Strike 2-1: Swinging Strike 2-2: Strikes out swinging
|
Top of the 8th over - 0 runs, 0 hits, 0 errors, 0 left on base; Lakewood 9 - Wisconsin 1 |
BOTTOM OF THE 8TH |
Wisconsin Timber Rattlers batting - Pitching for Lakewood BlueClaws : RHP Dustin Hensley
|
Now in RF: Matt Sybrant
|
|
Batting: RHB Carlos Salazar
|
0-0: Called Strike 0-1: Foul Ball, location: 2F 0-2: Ball 1-2: Foul Ball, location: 2F 1-2: Ball 2-2: Ball 3-2: Foul Ball, location: 2F 3-2: Fly out, F7 (Line Drive, 7, EV 89.4 MPH)
|
Batting: LHB Paul Collins
|
0-0: Ball 1-0: Called Strike 1-1: Swinging Strike 1-2: Ball 2-2: Strikes out swinging
|
Batting: RHB Nick Garland
|
0-0: Fly out, F7 (Flyball, 7D, EV 102.5 MPH)
|
Bottom of the 8th over - 0 runs, 0 hits, 0 errors, 0 left on base; Lakewood 9 - Wisconsin 1 |
TOP OF THE 9TH |
Lakewood BlueClaws batting - Pitching for Wisconsin Timber Rattlers : RHP Jason Ukena
|
Batting: RHB Matt McDevitt
|
0-0: Ball 1-0: Called Strike 1-1: Fly out, F9 (Flyball, 9, EV 87.5 MPH)
|
Batting: RHB Victor Arroyo
|
0-0: Swinging Strike 0-1: Ball 1-1: Ground out 5-3 (Groundball, 5S, EV 90.0 MPH)
|
Batting: RHB Prabhukumar Santhanakrishnan
|
0-0: Foul Ball, location: 2F 0-1: Foul Ball, location: 2F 0-2: Ball 1-2: Ball 2-2: Foul Ball, location: 2F 2-2: Foul Ball, location: 2F 2-2: SINGLE (Line Drive, 6MD, EV 97.5 MPH)
|
Batting: RHB Pablo Lopez
|
0-0: Called Strike 0-1: Swinging Strike 0-2: Strikes out looking
|
Top of the 9th over - 0 runs, 1 hit, 0 errors, 1 left on base; Lakewood 9 - Wisconsin 1 |
BOTTOM OF THE 9TH |
Wisconsin Timber Rattlers batting - Pitching for Lakewood BlueClaws : RHP Dustin Hensley
|
Batting: SHB Craig Wright
|
0-0: Ball 1-0: Ball 2-0: Ball 3-0: Called Strike 3-1: Base on Balls
|
Pitching: RHP Omar Pineda
|
|
Batting: RHB Ben Alspach
|
0-0: Fly out, F4 (Popup, 34D, EV 43.1 MPH)
|
Batting: RHB Tyler Badillo
|
0-0: Ball 1-0: Foul Ball, location: 2F 1-1: Foul Ball, location: 2F 1-2: 2-RUN HOME RUN (Flyball, 9LD, EV 93.8 MPH), Distance : 343 ft
|
Batting: RHB Jamie Youngs
|
0-0: Swinging Strike 0-1: Ball 1-1: Ball 2-1: Foul Ball, location: 2F 2-2: Ground out 6-3 (Groundball, 6M, EV 106.9 MPH)
|
Batting: RHB Joe LaDue
|
0-0: Foul Ball, location: 2F 0-1: Called Strike 0-2: Foul Ball, location: 2F 0-2: Ball 1-2: Fly out, F8 (Flyball, 8RD, EV 100.6 MPH)
|
Bottom of the 9th over - 2 runs, 1 hit, 0 errors, 0 left on base; Lakewood 9 - Wisconsin 3 |
|